Map: Frozen Temple

Players

dOLBEK

  • Race: Zerg Zerg
  • League: Gold
  • Spawn Location: 5:00

Fropez - Winner!

  • Race: Protoss Protoss
  • League: Gold
  • Spawn Location: 11:00

VOD

Have the link to the VOD?

Description

Time

  • Played on: Oct. 21, 2016, 10:38 p.m.
  • Length: 15:12
Show
View Real Time Build Order
Export as new Build Order

dOLBEK Zerg 

Build Orders: Hatch First 

Get SALT Encoding   

  12  0:02  Drone  
  13  0:12  Overlord  
  13  0:20  Extractor  
  13  0:21  Drone  
  13  0:28  Extractor  
  13  0:30  Drone  
  13  0:35  Drone x2  
  17  0:51  Drone  
  18  1:00  Hatchery  
  18  1:03  Drone  
  18  1:08  Extractor  
  17  1:20  Spawning Pool  
  17  1:23  Drone  
  17  1:31  Drone  
  18  1:40  Drone  
  18  1:42  Drone  
  20  1:50  Overlord  
  20  2:01  Evolution Chamber  
  19  2:06  Queen  
  21  2:15  Drone  
  22  2:17  Queen  
  22  2:20  Zergling x4  
  26  2:24  Drone  
  27  2:33  Zerg Missile Weapons Level 1  
  27  2:41  Zergling x2  
  28  2:44  Drone  
  28  2:45  Drone x2  
  31  2:53  Queen x2  
  35  3:02  Overlord, Drone  
  36  3:25  Drone x2  
  36  3:26  Drone  
  38  3:50  Roach Warren  
  38  3:52  Drone  
  39  3:55  Drone x2  
  39  3:56  Drone x3  
  43  4:08  Hatchery  
  42  4:10  Overlord x2  
  42  4:24  Zergling x2  
  42  4:29  Queen  
  42  4:31  Zergling x6  
  46  4:32  Zergling x8  
  46  4:36  Zerg Ground Armor Level 1  
  46  4:38  Metabolic Boost  
  52  5:06  Zergling x8  
  56  5:07  Zergling x8  
  58  5:21  Overlord  
  55  5:40  Zergling x2  
  55  5:41  Zergling x4  
  55  5:42  Zergling x4  
  58  6:00  Drone x3  
  61  6:10  Zergling x4  
  61  6:11  Zergling x6  
  61  6:12  Queen  
  61  6:14  Zergling x2  
  60  6:23  Zergling x2  
  56  6:31  Zergling x8  
  57  6:44  Zergling x4  
  57  6:45  Zergling x10  
  61  6:57  Zergling x2  
  61  6:58  Zergling x4  
  61  7:00  Zergling x2  
  65  7:03  Zergling x6  
  65  7:04  Zergling x2  
  65  7:05  Queen  
  65  7:07  Overlord  
  71  7:14  Zergling x2  
  71  7:15  Zergling x4  
  74  7:22  Lair  
  74  7:25  Zerg Melee Weapons Level 1  
  74  7:28  Drone x2  
  74  7:29  Drone x3  
  79  7:38  Roach Warren  
  79  7:41  Queen  
  79  7:42  Drone  
  81  7:54  Overlord, Zergling x2  
  81  7:55  Overlord x3  
  83  8:08  Overlord  
  83  8:26  Roach x3  
  89  8:27  Roach x4  
  89  8:28  Roach x4  
  105  8:35  Roach x5  
  115  8:43  Roach x3  
  121  8:49  Drone  
  121  8:51  Overlord x4  
  122  9:01  Glial Reconstitution  
  122  9:09  Drone  
  123  9:12  Drone x3  
  123  9:13  Drone  
  123  9:15  Roach x3  
  109  9:38  Roach  
  109  9:39  Roach  
  103  9:52  Roach x2  
  94  10:10  Roach x2  
  98  10:17  Extractor  
  98  10:19  Extractor, Drone x4  
  100  10:34  Roach x2  
  104  10:37  Drone x3  
  107  10:43  Drone x2  
  107  10:44  Drone  
  108  11:22  Drone  
  108  11:23  Roach x6  
  108  11:24  Roach x5  
  108  11:25  Roach x4  
  132  11:38  Extractor  
  89  12:22  Roach x3  
  79  12:33  Roach x2  
  79  12:34  Roach  
  79  12:35  Roach x3  
  70  12:53  Roach x2  
  70  12:54  Roach  
  70  12:55  Roach x4  
  84  13:29  Roach Warren  
  83  13:36  Zergling x8  
  83  13:37  Zergling x6  
  83  13:38  Zergling x6  
  93  13:45  Roach Warren  
  84  14:06  Zergling x6  
  64  14:29  Zergling x6  
  47  14:52  Overlord  
  32  14:53  Roach x2  
Show
View Real Time Build Order
Export as new Build Order

Fropez Protoss - Winner!

Build Orders: 1 Gate Expand, Mass Adepts 

Get SALT Encoding   

  12  0:01  Probe (Chrono Boost)  
  13  0:12  Probe (Chrono Boost)  
  14  0:18  Pylon  
  14  0:22  Probe (Chrono Boost)  
  15  0:31  Assimilator  
  15  0:36  Probe (Chrono Boost)  
  16  0:46  Gateway  
  16  0:49  Probe (Chrono Boost)  
  17  1:00  Probe (Chrono Boost)  
  18  1:11  Gateway  
  18  1:12  Probe (Chrono Boost)  
  19  1:34  Pylon  
  19  1:35  Probe (Chrono Boost)  
  20  1:42  Nexus  
  20  1:46  Probe (Chrono Boost)  
  21  1:53  Assimilator  
  21  2:10  Probe (Chrono Boost)  
  21  2:12  Pylon  
  22  2:16  Cybernetics Core  
  22  2:19  Assimilator  
  22  2:21  Probe (Chrono Boost)  
  23  2:31  Probe (Chrono Boost)  
  23  2:32  Pylon  
  24  2:42  Probe (Chrono Boost)  
  24  2:52  Probe (Chrono Boost)  
  25  3:00  Gateway  
  25  3:02  Gateway, Mothership Core (Chrono Boost)  
  25  3:03  Probe (Chrono Boost)  
  28  3:13  Adept (Chrono Boost)  
  28  3:17  Warp Gate (Chrono Boost)  
  28  3:18  Adept  
  32  3:33  Probe x2  
  33  3:45  Probe  
  33  3:46  Adept  
  34  3:49  Adept  
  34  3:50  Adept  
  40  3:57  Pylon  
  40  3:59  Probe  
  40  4:00  Probe  
  42  4:11  Twilight Council  
  42  4:14  Gateway  
  42  4:16  Probe  
  43  4:18  Probe  
  44  4:34  Adept  
  44  4:37  Adept  
  50  4:38  Adept  
  50  4:39  Adept  
  50  4:44  Assimilator  
  52  4:57  Adept  
  52  5:24  Resonating Glaives (Chrono Boost)  
  52  5:33  Adept x4  
  52  5:45  Probe  
  52  5:47  Probe  
  54  6:00  Nexus, Probe  
  54  6:02  Pylon  
  54  6:03  Adept x3  
  59  6:12  Forge  
  59  6:14  Assimilator  
  59  6:18  Probe  
  56  6:19  Probe  
  55  6:27  Forge  
  55  6:28  Pylon  
  55  6:30  Probe  
  52  6:52  Adept  
  52  6:53  Adept x4  
  56  6:55  Protoss Ground Weapons Level 1 (Chrono Boost)  
  56  6:58  Probe x2  
  58  7:10  Probe x2  
  60  7:18  Adept x3  
  60  7:19  Adept x2  
  70  7:26  Pylon  
  70  7:27  Probe, Gateway  
  70  7:28  Probe  
  70  7:29  Gateway  
  72  7:35  Probe  
  72  7:39  Probe  
  72  7:40  Pylon, Protoss Ground Armor Level 1 (Chrono Boost)  
  74  7:45  Probe  
  74  7:49  Adept x4  
  83  7:53  Adept  
  85  8:37  Adept x3  
  85  8:38  Adept x2  
  95  8:46  Photon Cannon  
  95  8:49  Pylon  
  95  8:52  Pylon  
  95  8:57  Probe, Assimilator  
  95  8:58  Probe x2  
  95  9:00  Assimilator  
  95  9:01  Adept x5  
  108  9:07  Dark Shrine, Robotics Facility  
  108  9:09  Pylon  
  80  10:02  Adept  
  80  10:03  Adept x6  
  86  10:11  Warp Prism  
  88  10:15  Probe  
  88  10:17  Probe x2  
  91  10:38  Adept x4  
  91  10:39  Adept x3  
  105  10:51  Observer  
  106  11:01  Nexus  
  106  11:02  Pylon  
  106  11:04  Pylon  
  106  11:08  Assimilator  
  106  11:09  Assimilator  
  89  11:12  Pylon  
  89  11:15  Pylon  
  89  11:20  Pylon  
  80  11:26  Dark Templar x2  
  80  11:27  Dark Templar x2  
  78  11:37  Probe  
  78  11:38  Probe x2  
  77  11:50  Probe  
  68  12:15  Stalker x4  
  73  12:16  Probe x2  
  73  12:17  Probe x2  
  76  12:26  Probe x2  
  76  12:29  Probe x2  
  68  12:41  Probe x2  
  50  13:09  Stalker x3  
  50  13:10  Stalker  
  48  13:17  Gateway x2  
  48  13:19  Probe  
  50  13:20  Probe  
  50  13:33  Probe x2  
  50  13:34  Probe x2  
  42  14:10  Dark Templar  
  42  14:11  Dark Templar  
  40  14:26  Stalker x2  
  40  14:28  Probe x2  
  47  15:11  Pylon  
Tags
 
Add a new tag
Caveats
  • Supply blocks, unpowered buildings, or Contaminate may cause inaccurate times.
  • Supply counts are checked every 10 seconds.